 Dungeon Crawl Stone Soup version 0.16.1-11-g651b585 (webtiles) character file.

63 Harvey99999 the Skirmisher (level 4, 0/42 HPs)
             Began as a Naga Fighter on Apr 1, 2015.
             Slain by a goblin (1 damage)
             ... led by Robin
             ... on level 2 of the Dungeon.
             The game lasted 00:06:36 (1602 turns).

Harvey99999 the Skirmisher (Naga Fighter)           Turns: 1602, Time: 00:06:36

Health: 0/42       AC:  5    Str: 20    XL:     4   Next: 9%
Magic:  4/4        EV:  5    Int:  8    God:
Gold:   67         SH:  9    Dex: 10    Spells: 0 memorised, 3 levels left

rFire  . . .     SeeInvis +     a - +0 war axe
rCold  . . .     Clarity  .     b - +0 scale mail
rNeg   . . .     SustAb   .     c - +0 shield
rPois  +         Gourm    .     (no helmet)
rElec  .         Spirit   .     (no cloak)
rCorr  .         Warding  .     (no gloves)
rMut   .         Stasis   .     (no barding)
MR     .....                    (no amulet)
Stlth  ..........               (no ring)
                                (no ring)

@: very slow, not resistant to hostile enchantments, extremely unstealthy
A: spit poison, see invisible, deformed body, poison resistance, slowness 2, AC
+1
a: Spit Poison


You were on level 2 of the Dungeon.
You were not hungry.

You visited 1 branch of the dungeon, and saw 2 of its levels.

You collected 67 gold pieces.

Inventory:

Hand weapons
 a - a +0 war axe (weapon)
 n - a +1 short sword of protection
 o - a +4 dagger of venom
Missiles
 f - 21 arrows
 k - 5 tomahawks (quivered)
 v - 25 bolts
Armour
 b - a +0 scale mail (worn)
 c - a +0 shield (worn)
Jewellery
 r - an uncursed ring of sustain abilities {unknown}
 w - an uncursed ring of poison resistance {unknown}
Scrolls
 h - a scroll of fear {unknown}
 j - a scroll of teleportation {unknown}
 m - 2 scrolls of identify {unknown}
 p - 2 scrolls of fog {unknown}
 q - a scroll of random uselessness {unknown}
 s - a scroll of enchant armour {unknown}
 u - a scroll of remove curse {unknown}
Potions
 e - 3 potions of might
 i - a potion of agility
Comestibles
 d - a bread ration
 l - a slice of pizza
 t - 4 chunks of flesh


   Skills:
 + Level 3.4 Fighting
 + Level 2.4 Axes
 + Level 2.8 Armour
 + Level 0.7 Dodging
 + Level 2.8 Shields


You had 3 spell levels left.
You didn't know any spells.

Dungeon Overview and Level Annotations

Branches:
Dungeon (2/15)

Altars:

Annotations:
D:2 Robin


Innate Abilities, Weirdness & Mutations

You cannot wear boots.
You can spit poison.
Your serpentine skin is tough (AC +1).
You have supernaturally acute eyesight.
Armour fits poorly on your strangely shaped body.
Your system is resistant to poisons.
You cover ground very slowly.


Message History

Robin is moderately wounded.
You miss the goblin.
You have got your breath back.
Robin throws the goblin at you!
* * * LOW HITPOINT WARNING * * *
The goblin hits you but does no damage. You block Robin's attack.
The goblin hits you.
* * * LOW HITPOINT WARNING * * *
Drink which item? (? for menu, Esc to quit)
It was a potion of curing.
You feel better. Robin hits you but does no damage. The goblin hits you.
* * * LOW HITPOINT WARNING * * *
You closely miss Robin.
Robin is moderately wounded.
You completely miss the goblin. You block the goblin's attack.
Robin hits you with an enchanted short sword!
* * * LOW HITPOINT WARNING * * *
Drink which item? (? for menu, Esc to quit)
It was a potion of magic.
Magic courses through your body. The goblin hits you.
You die...

.#.... .... .... #... .
#..# # #..# # #..# #
#.#####.<########## #
#.?...:.g@g.......# #
#.###############.########
#.#....... #.#.######
#......... ##..##....
#..##รท##. #..##.###
#..#..# #


You could see Robin and a goblin (frenzied).

Vanquished Creatures
  An adder (D:2)
  A giant gecko (D:1)
  6 bats
  13 goblins
  9 hobgoblins
  4 jackals (D:1)
  2 kobolds (D:1)
  2 ball pythons (D:1)
  3 giant cockroaches
  2 giant newts
  4 rats
  A plant (D:1)
48 creatures vanquished.

Notes
Turn   | Place    | Note
--------------------------------------------------------------
     0 | D:1      | Harvey99999, the Naga Fighter, began the quest for the Orb.
     0 | D:1      | Reached XP level 1. HP: 21/21 MP: 1/1
   324 | D:1      | Reached XP level 2. HP: 25/28 MP: 2/2
   699 | D:1      | Reached XP level 3. HP: 15/34 MP: 3/3
   719 | D:1      | HP: 1/34 [poisoned by a goblin]
  1575 | D:2      | Noticed Robin
  1593 | D:2      | Reached XP level 4. HP: 13/42 MP: 4/4
  1599 | D:2      | HP: 1/42 [goblin[Robin] (4)]
  1602 | D:2      | Slain by a goblin

Action                   |  1- 3 |  4- 6 || total
-------------------------+-------+-------++-------
Melee: War axe           |   189 |     6 ||   195
 Abil: Spit Poison       |     1 |     1 ||     2
  Use: Potion            |       |     2 ||     2
  Eat: Chunk             |     3 |       ||     3
